General information
- name: BNet
- type: Ladder team game (AT/RT)
- host: Battle.net
- saver: SIavemaster
map: Cherryville
- players: 8
- length: 25:17
- speed: Fast
- version: 1.28 W3XP
- replay type: Public
» download(242 KB)
Players
team 1 (winner)

»
TeachMe (
orange | 77 APM | 1869 actions | 24:11)
5 Archmage
2 Blizzard
1 Brilliance Aura
2 Summon Water Elemental
2 Tauren Chieftain
2 War Stomp
5 Mountain King
2 Storm Bolt
2 Bash
1 Thunder Clap
» actions
| Assign group hotkey | 9 | |
| Basic commands | 1 | |
| Build / train | 106 | |
| ESC pressed | 8 | |
| Enter build submenu | 31 | |
| Enter hero's abilities submenu | 13 | |
| Give item / drop item | 3 | |
| Right click | 1060 | |
| Select / deselect | 411 | |
| Select group hotkey | 89 | |
| Use ability | 138 | |
1869 total
» units
| Peasant | 15 | |
| Footman | 8 | |
| Sorceress | 6 | |
| Spell Breaker | 2 | |
| Priest | 1 | |
| Grunt | 3 | |
| Rifleman | 9 | |
| Raider | 1 | |
| Kodo Beast | 1 | |
| Troll Batrider | 10 | |
| Flying Machine | 9 | |
| Mortar Team | 3 | |
68 total
» upgrades
| Defend | 1 | |
| Lumber Harvesting | 1 | |
| Ensnare | 1 | |
| Gunpowder | 1 | |
4 total
» buildings
| Altar of Kings | 1 | |
| Barracks | 1 | |
| Farm | 12 | |
| Arcane Vault | 1 | |
| Keep | 1 | |
| Lumber Mill | 1 | |
| Scout Tower | 4 | |
| Stronghold | 1 | |
| Guard Tower | 3 | |
| Arcane Tower | 1 | |
| Arcane Sanctum | 1 | |
| Beastiary | 2 | |
| Orc Burrow | 3 | |
| Blacksmith | 1 | |
| Fortress | 1 | |
| Workshop | 1 | |
| Town Hall | 1 | |
36 total
» build order
00:08 Altar of Kings
00:12 Barracks
00:19 Farm
00:52 Farm
01:30 Farm
02:35 Arcane Vault
03:07 Keep
04:02 Lumber Mill
04:18 Scout Tower
04:24 Farm
04:34 Stronghold
04:51 Guard Tower
04:54 Arcane Tower
05:32 Arcane Sanctum
06:48 Farm
08:04 Beastiary
08:06 Orc Burrow
08:17 Blacksmith
08:22 Farm
10:29 Orc Burrow
10:33 Fortress
10:59 Scout Tower
11:00 Scout Tower
11:08 Scout Tower
11:26 Guard Tower
11:26 Guard Tower
13:42 Beastiary
14:03 Workshop
14:10 Farm
14:13 Farm
14:14 Farm
14:16 Farm
14:56 Farm
15:44 Orc Burrow
18:59 Farm
21:10 Town Hall
» items
| Lesser Clarity Potion | 3 | |
| Scroll of Regeneration | 3 | |
| Potion of Healing | 2 | |
| Scroll of Town Portal | 2 | |
10 total
SIavemaster (
blue | 118 APM | 2989 actions | 25:17)
6 Archmage
3 Summon Water Elemental
2 Brilliance Aura
1 Mass Teleport
4 Mountain King
2 Storm Bolt
2 Bash
» actions
| Assign group hotkey | 133 | |
| Basic commands | 135 | |
| Build / train | 134 | |
| ESC pressed | 3 | |
| Enter build submenu | 39 | |
| Enter hero's abilities submenu | 10 | |
| Give item / drop item | 4 | |
| Right click | 1070 | |
| Select / deselect | 405 | |
| Select group hotkey | 890 | |
| Use ability | 166 | |
2989 total
» units
| Peasant | 11 | |
| Footman | 7 | |
| Rifleman | 8 | |
| Goblin Shredder | 2 | |
| Gryphon Rider | 3 | |
| Knight | 2 | |
| Spell Breaker | 1 | |
| Dragonhawk Rider | 4 | |
38 total
» upgrades
| Gunpowder | 2 | |
| Masonry | 3 | |
| Long Rifles | 1 | |
| Armor | 3 | |
| Swords | 3 | |
| Animal War Training | 1 | |
| Storm Hammers | 1 | |
| Plating | 2 | |
| Priest Training | 2 | |
| Sorceress Training | 2 | |
| Cloud | 1 | |
21 total
» buildings
| Barracks | 1 | |
| Altar of Kings | 1 | |
| Farm | 13 | |
| Lumber Mill | 1 | |
| Blacksmith | 1 | |
| Arcane Vault | 2 | |
| Keep | 3 | |
| Town Hall | 1 | |
| Scout Tower | 12 | |
| Guard Tower | 17 | |
| Arcane Tower | 2 | |
| Orc Burrow | 1 | |
| Castle | 3 | |
| Gryphon Aviary | 2 | |
| Arcane Sanctum | 2 | |
62 total
» build order
00:48 Barracks
00:50 Altar of Kings
00:51 Farm
01:04 Farm
01:16 Farm
01:36 Lumber Mill
02:08 Blacksmith
02:35 Arcane Vault
03:15 Farm
05:27 Keep
05:27 Keep
05:27 Keep
05:50 Arcane Vault
05:54 Farm
06:41 Town Hall
06:44 Scout Tower
06:44 Scout Tower
06:45 Scout Tower
07:15 Scout Tower
07:19 Guard Tower
07:19 Guard Tower
07:19 Guard Tower
07:21 Guard Tower
07:21 Guard Tower
08:32 Guard Tower
08:32 Guard Tower
08:36 Scout Tower
09:01 Guard Tower
09:01 Guard Tower
09:29 Guard Tower
09:29 Guard Tower
09:29 Guard Tower
10:32 Arcane Tower
10:32 Arcane Tower
11:18 Orc Burrow
11:48 Castle
11:48 Castle
11:48 Castle
11:55 Gryphon Aviary
12:35 Gryphon Aviary
13:26 Farm
15:45 Farm
15:47 Farm
15:49 Farm
16:09 Arcane Sanctum
16:15 Arcane Sanctum
18:54 Farm
20:27 Farm
20:30 Farm
21:21 Farm
21:26 Scout Tower
21:29 Scout Tower
21:29 Scout Tower
21:30 Scout Tower
22:04 Guard Tower
22:04 Guard Tower
22:08 Scout Tower
22:10 Scout Tower
22:11 Scout Tower
22:54 Guard Tower
22:55 Guard Tower
» items
| Healing Salve | 3 | |
| Scroll of Speed | 1 | |
| Scroll of Regeneration | 4 | |
| Mechanical Critter | 2 | |
| Ivory Tower | 2 | |
| Periapt of Vitality | 1 | |
| Staff of Teleportation | 1 | |
| Boots of Speed | 1 | |
| Potion of Lesser Invulnerability | 1 | |
| Scroll of Town Portal | 4 | |
| Staff of Sanctuary | 1 | |
| Orb of Fire | 1 | |
22 total
OxnuLL (
yellow | 27 APM | 10 actions | 00:22)
» actions
| Build / train | 1 | |
| ESC pressed | 3 | |
| Right click | 2 | |
| Select / deselect | 4 | |
10 total
» units

»
tazzuh (
green | 52 APM | 1263 actions | 24:22)
5 Mountain King
2 Storm Bolt
3 Bash
3 Tauren Chieftain
1 War Stomp
2 Endurance Aura
» actions
| Assign group hotkey | 37 | |
| Basic commands | 115 | |
| Build / train | 109 | |
| ESC pressed | 10 | |
| Enter build submenu | 41 | |
| Enter hero's abilities submenu | 8 | |
| Right click | 329 | |
| Select / deselect | 327 | |
| Select group hotkey | 219 | |
| Use ability | 68 | |
1263 total
» units
| Peasant | 10 | |
| Peon | 10 | |
| Footman | 18 | |
| Grunt | 8 | |
| Knight | 5 | |
| Rifleman | 1 | |
| Gryphon Rider | 11 | |
| Kodo Beast | 1 | |
| Troll Batrider | 7 | |
71 total
» upgrades
| Melee Weapons | 2 | |
| Armor | 4 | |
| Spiked Barricades | 1 | |
| Swords | 3 | |
| Plating | 2 | |
| Pillage | 1 | |
| Defend | 1 | |
| Lumber Harvesting | 1 | |
| Storm Hammers | 1 | |
| Liquid Fire | 1 | |
| Ranged Weapons | 1 | |
| Animal War Training | 1 | |
19 total
» buildings
| Altar of Kings | 1 | |
| Farm | 10 | |
| Altar of Storms | 1 | |
| Orc Burrow | 5 | |
| Barracks | 3 | |
| Lumber Mill | 1 | |
| War Mill | 2 | |
| Arcane Vault | 1 | |
| Voodoo Lounge | 1 | |
| Scout Tower | 5 | |
| Blacksmith | 1 | |
| Arcane Tower | 2 | |
| Watch Tower | 1 | |
| Guard Tower | 2 | |
| Keep | 1 | |
| Castle | 1 | |
| Town Hall | 1 | |
| Beastiary | 1 | |
| Gryphon Aviary | 2 | |
42 total
» build order
00:08 Altar of Kings
00:12 Farm
00:29 Altar of Storms
00:38 Orc Burrow
00:53 Farm
00:56 Barracks
01:11 Barracks
01:36 Lumber Mill
01:52 Orc Burrow
01:58 War Mill
02:23 Arcane Vault
02:29 Farm
02:31 Farm
03:06 War Mill
03:11 Orc Burrow
03:26 Voodoo Lounge
03:32 Scout Tower
03:33 Scout Tower
03:34 Scout Tower
04:27 Blacksmith
04:30 Arcane Tower
04:44 Watch Tower
05:08 Guard Tower
05:35 Scout Tower
06:36 Orc Burrow
06:38 Farm
06:41 Keep
07:23 Farm
07:25 Guard Tower
08:27 Scout Tower
08:45 Orc Burrow
09:07 Castle
09:13 Barracks
10:06 Arcane Tower
10:19 Town Hall
10:43 Beastiary
12:22 Gryphon Aviary
13:39 Gryphon Aviary
14:34 Farm
18:53 Farm
18:54 Farm
19:52 Farm
» items
| Potion of Healing | 1 | |
| Scroll of Town Portal | 1 | |
| Scroll of Regeneration | 1 | |
3 total
team 2 (loser)
Dieubastard!@ (
purple | 80 APM | 1520 actions | 18:56)
4 Archmage
2 Summon Water Elemental
2 Brilliance Aura
2 Paladin
1 Holy Light
1 Divine Shield
» actions
| Assign group hotkey | 23 | |
| Basic commands | 37 | |
| Build / train | 61 | |
| Enter build submenu | 20 | |
| Enter hero's abilities submenu | 6 | |
| Give item / drop item | 2 | |
| Right click | 627 | |
| Select / deselect | 390 | |
| Select group hotkey | 304 | |
| Use ability | 50 | |
1520 total
» units
| Peasant | 15 | |
| Rifleman | 12 | |
| Priest | 8 | |
| Mortar Team | 3 | |
38 total
» upgrades
| Gunpowder | 2 | |
| Armor | 1 | |
| Long Rifles | 1 | |
4 total
» buildings
| Farm | 9 | |
| Barracks | 1 | |
| Blacksmith | 1 | |
| Altar of Kings | 1 | |
| Scout Tower | 2 | |
| Lumber Mill | 1 | |
| Guard Tower | 1 | |
| Arcane Vault | 1 | |
| Keep | 1 | |
| Arcane Sanctum | 2 | |
| Workshop | 1 | |
| Town Hall | 1 | |
| Castle | 1 | |
23 total
» build order
00:35 Farm
00:51 Barracks
01:05 Blacksmith
01:20 Altar of Kings
01:34 Farm
01:50 Scout Tower
01:54 Lumber Mill
02:04 Farm
02:25 Scout Tower
03:16 Guard Tower
04:34 Farm
04:45 Farm
05:32 Arcane Vault
06:50 Keep
08:23 Farm
08:49 Farm
09:22 Arcane Sanctum
09:25 Arcane Sanctum
09:51 Farm
12:08 Workshop
13:23 Town Hall
15:36 Castle
15:52 Farm
» items
| Scroll of Regeneration | 3 | |
| Potion of Healing | 2 | |
| Scroll of Town Portal | 3 | |
8 total
KOTOR-RPG (
pink | 67 APM | 1694 actions | 25:15)
6 Blademaster
3 Wind Walk
2 Critical Strike
1 Bladestorm
» actions
| Assign group hotkey | 32 | |
| Basic commands | 19 | |
| Build / train | 62 | |
| Enter build submenu | 35 | |
| Enter hero's abilities submenu | 6 | |
| Give item / drop item | 4 | |
| Remove unit from queue | 2 | |
| Right click | 617 | |
| Select / deselect | 242 | |
| Select group hotkey | 505 | |
| Use ability | 170 | |
1694 total
» units
| Peon | 15 | |
| Grunt | 3 | |
| Goblin Shredder | 2 | |
| Wind Rider | 2 | |
| Troll Batrider | 6 | |
| Raider | 1 | |
29 total
» upgrades
| Ranged Weapons | 3 | |
| Armor | 2 | |
| Reinforced Defenses | 1 | |
| Liquid Fire | 1 | |
| Envenomed Spears | 1 | |
| Ensnare | 1 | |
9 total
» buildings
| Altar of Storms | 1 | |
| Orc Burrow | 6 | |
| Barracks | 1 | |
| Voodoo Lounge | 1 | |
| Great Hall | 3 | |
| Stronghold | 2 | |
| War Mill | 1 | |
| Fortress | 2 | |
| Beastiary | 4 | |
| Watch Tower | 50 | |
71 total
» build order
00:07 Altar of Storms
00:17 Orc Burrow
00:43 Barracks
01:24 Orc Burrow
02:24 Voodoo Lounge
03:22 Great Hall
03:50 Stronghold
03:50 Stronghold
04:45 Orc Burrow
05:14 War Mill
05:27 Orc Burrow
06:16 Fortress
06:17 Fortress
06:28 Great Hall
06:44 Beastiary
06:46 Beastiary
06:55 Orc Burrow
07:57 Beastiary
08:29 Watch Tower
08:30 Watch Tower
08:30 Watch Tower
08:31 Watch Tower
08:31 Watch Tower
09:48 Watch Tower
09:49 Watch Tower
09:53 Watch Tower
10:32 Watch Tower
10:33 Watch Tower
10:40 Watch Tower
10:41 Watch Tower
10:52 Watch Tower
11:22 Beastiary
12:04 Watch Tower
12:04 Watch Tower
12:10 Watch Tower
12:11 Watch Tower
12:12 Watch Tower
12:48 Watch Tower
12:49 Watch Tower
13:52 Orc Burrow
17:30 Watch Tower
17:31 Watch Tower
17:31 Watch Tower
18:35 Watch Tower
18:35 Watch Tower
18:35 Watch Tower
18:38 Watch Tower
18:39 Watch Tower
18:40 Watch Tower
18:41 Watch Tower
18:41 Watch Tower
19:26 Watch Tower
19:26 Watch Tower
19:27 Watch Tower
19:28 Watch Tower
19:28 Watch Tower
19:29 Watch Tower
19:29 Watch Tower
19:30 Watch Tower
19:30 Watch Tower
20:48 Watch Tower
20:49 Watch Tower
20:49 Watch Tower
20:50 Watch Tower
23:03 Watch Tower
23:03 Watch Tower
23:03 Watch Tower
23:04 Watch Tower
23:04 Watch Tower
23:49 Great Hall
» items
| Healing Salve | 3 | |
| Scroll of Town Portal | 3 | |
| Staff of Teleportation | 1 | |
| Orb of Lightning | 1 | |
| Potion of Healing | 1 | |
| Potion of Mana | 1 | |
10 total
wasgod (
teal | 51 APM | 970 actions | 19:03)
3 Demon Hunter
2 Mana Burn
1 Evasion
1 Priestess of the Moon
1 Searing Arrows
» actions
| Assign group hotkey | 187 | |
| Basic commands | 88 | |
| Build / train | 70 | |
| ESC pressed | 5 | |
| Enter build submenu | 13 | |
| Enter hero's abilities submenu | 4 | |
| Right click | 330 | |
| Select / deselect | 147 | |
| Select group hotkey | 78 | |
| Use ability | 48 | |
970 total
» units
| Wisp | 17 | |
| Huntress | 5 | |
| Druid of the Claw | 10 | |
32 total
» upgrades
| Strength of the Moon | 1 | |
| Moon Armor | 1 | |
| Druid of the Claw Training | 2 | |
| Strength of the Wild | 2 | |
| Reinforced Hides | 2 | |
| Mark of the Claw | 1 | |
9 total
» buildings
| Altar of Elders | 1 | |
| Moon Well | 5 | |
| Hunter's Hall | 1 | |
| Ancient of War | 1 | |
| Ancient of Wonders | 1 | |
| Tree of Ages | 3 | |
| Tree of Eternity | 4 | |
| Ancient of Lore | 2 | |
| Tree of Life | 1 | |
| Ancient Protector | 1 | |
20 total
» build order
00:08 Altar of Elders
00:21 Moon Well
01:17 Hunter's Hall
01:52 Ancient of War
02:21 Ancient of Wonders
03:47 Moon Well
04:07 Tree of Ages
04:07 Tree of Ages
04:07 Tree of Ages
05:48 Moon Well
05:49 Moon Well
08:06 Tree of Eternity
08:07 Tree of Eternity
08:18 Ancient of Lore
08:22 Ancient of Lore
09:41 Tree of Eternity
09:42 Tree of Eternity
10:23 Moon Well
16:14 Tree of Life
16:20 Ancient Protector

»
swagbarn (
red | 48 APM | 908 actions | 18:59)
3 Blademaster
2 Wind Walk
1 Critical Strike
» actions
| Assign group hotkey | 2 | |
| Basic commands | 3 | |
| Build / train | 50 | |
| Enter build submenu | 16 | |
| Enter hero's abilities submenu | 3 | |
| Give item / drop item | 1 | |
| Remove unit from queue | 1 | |
| Right click | 526 | |
| Select / deselect | 244 | |
| Use ability | 62 | |
908 total
» units
| Peon | 16 | |
| Wind Rider | 8 | |
| Troll Batrider | 6 | |
30 total
» upgrades
» buildings
| Altar of Storms | 1 | |
| Orc Burrow | 6 | |
| Voodoo Lounge | 1 | |
| War Mill | 1 | |
| Stronghold | 1 | |
| Watch Tower | 4 | |
| Beastiary | 3 | |
| Fortress | 1 | |
18 total
» build order
00:08 Altar of Storms
00:11 Orc Burrow
00:24 Voodoo Lounge
01:39 War Mill
02:07 Stronghold
03:21 Watch Tower
04:46 Beastiary
04:50 Beastiary
05:33 Watch Tower
06:10 Orc Burrow
07:37 Orc Burrow
07:40 Orc Burrow
09:45 Beastiary
10:03 Orc Burrow
10:33 Watch Tower
10:36 Watch Tower
13:47 Orc Burrow
16:34 Fortress
» items
| Healing Salve | 1 | |
| Lesser Clarity Potion | 3 | |
| Scroll of Speed | 3 | |
| Potion of Healing | 3 | |
| Potion of Mana | 2 | |
12 total
Chat log
(00:27 / Allies) SIavemaster: you got him?
(00:32 / Allies) tazzuh: ill take him
(00:35 / Allies) SIavemaster: k
(00:40 / Allies) TeachMe: rush?
(00:43 / Allies) tazzuh: yep
(01:07 / Allies) SIavemaster: rush bottom
(02:01 / Allies) TeachMe: harrasing
(04:14 / Allies) TeachMe: go
(07:49 / Allies) TeachMe: b
(08:54 / Allies) TeachMe: go again
(08:55 / Allies) TeachMe: red
(09:24 / Allies) SIavemaster: take expos if you can
(09:40 / Allies) TeachMe: go
(09:43 / Allies) TeachMe: end now
(10:08 / Allies) TeachMe: come
(10:48 / Allies) TeachMe: need aa
(13:58 / Allies) TeachMe: rdy?
(14:16 / All) SIavemaster: wow teal sucks big time
(14:55 / All) KOTOR-RPG: moon wells so broken
(15:03 / Allies) TeachMe: b
(15:31 / Allies) TeachMe: go red
(16:04 / Allies) TeachMe: lets go
(16:06 / Allies) TeachMe: come blue green
(16:15 / Allies) tazzuh: you got yellow?
(16:17 / Allies) TeachMe: ye
(16:34 / Allies) TeachMe: gold
(18:27 / All) Dieubastard!@: this team sucks
(18:34 / All) SIavemaster: you're part of it
(18:39 / All) Dieubastard!@: pink has 100towers
(18:40 / All) SIavemaster: so what does that say about you?
(18:46 / All) Dieubastard!@: upper left corner
(18:53 / All) Dieubastard!@: checkc stats
(18:57 / All) SIavemaster: and we're a player down
(19:00 / All) SIavemaster: so whine more
(19:02 / All) TeachMe: gg
(19:51 / All) TeachMe: gg?
(19:57 / All) KOTOR-RPG: yes
(20:25 / All) KOTOR-RPG: nub oj
(20:34 / All) TeachMe: youre good
(20:36 / All) TeachMe: enjoy the lsoe lol
(20:39 / All) KOTOR-RPG: thanks
(21:23 / All) TeachMe: bye
(21:29 / All) KOTOR-RPG: are u leaving? lo
(21:32 / All) SIavemaster: yeah he is
(21:34 / All) SIavemaster: in a sec
(21:34 / All) TeachMe: no you are
(21:40 / All) SIavemaster: why
(21:42 / All) SIavemaster: would he
(22:05 / Allies) TeachMe: blue?
(22:06 / Allies) TeachMe: lol
(22:14 / Allies) SIavemaster: you are my slaves and got this far
(22:19 / Allies) SIavemaster: but it's time for me to put you down
(22:23 / Allies) SIavemaster: I don't like rowdy overconfident slaves
(22:24 / All) KOTOR-RPG: nub trying to rebuild lawl
(22:28 / Allies) SIavemaster: your ego needs a hit
(22:37 / All) TeachMe: your mom needs my dick
(22:46 / All) SIavemaster: I'm fucking your mom right now orange
(22:49 / All) SIavemaster: while I teamkill you
(22:53 / All) TeachMe: right
(22:56 / All) TeachMe: thats why youre a virgin
(22:57 / All) TeachMe: LOL
(23:08 / All) SIavemaster: not a virgin anymore, your mom is taking my virginity righyt now
(23:10 / All) SIavemaster: she's a babe
(23:45 / All) KOTOR-RPG: out nubs
(24:02 / Allies) SIavemaster: out
(24:03 / Allies) SIavemaster: you lose
(24:08 / Allies) TeachMe: this a smurf
(24:10 / Allies) TeachMe: haha bye kid
(24:11 / Allies) SIavemaster: so is this
(24:17 / Allies) SIavemaster: your turn green
(24:24 / All) SIavemaster: lol
(24:29 / All) SIavemaster: babies
(24:30 / All) KOTOR-RPG: ez
(24:33 / All) SIavemaster: They instantly left, put up no fight
(24:40 / All) KOTOR-RPG: check purp ststast
(24:41 / All) SIavemaster: all bark and no bite
(24:56 / All) SIavemaster: My team is all new accs except green who is under 50%
(24:58 / All) KOTOR-RPG: 1240121
(25:06 / All) SIavemaster: Purp 124-121
(25:09 / All) KOTOR-RPG: me lose?
(25:13 / All) SIavemaster: yeah your team lose